 Dungeon Crawl Stone Soup version 0.27-a0-1202-ge72e49191c (webtiles) character file.

Game seed: 13398445274121763467

184 polve the Cutter (level 5, -4/34 (41) HPs)
             Began as a Demonspawn Abyssal Knight on June 2, 2021.
             Was a Believer of Lugonu.
             Slain by a necrophage (5 damage)
             ... on level 4 of the Dungeon.
             The game lasted 00:03:05 (4627 turns).

polve the Cutter (Demonspawn Abyssal Knight)        Turns: 4627, Time: 00:03:05

HP:   -4/34 (41)    AC:  2    Str: 13    XL:     5   Next: 36%
MP:   6/6           EV: 11    Int: 13    God:    Lugonu [**....]
Gold: 116           SH:  0    Dex: 17    Spells: 4/4 levels left

rFire    . . .     SeeInvis .   k - +2 dagger (venom)
rCold    . . .     Faith    .   (no shield)
rNeg     . . .     Spirit   .   b - +0 robe
rPois    .         Reflect  .   (no helmet)
rElec    .         Harm     .   (no cloak)
rCorr    .         Rampage  .   (no gloves)
Will     .....                  (no boots)
Stlth    +++++.....             (no amulet)
HPRegen  0.11/turn              (no ring)
MPRegen  0.10/turn              (no ring)

@: heavily drained
A: thin skeletal structure 2
a: Renounce Religion, Depart the Abyss, Bend Space


You were on level 4 of the Dungeon.
You worshipped Lugonu.
Lugonu was pleased with you.
You visited 1 branch of the dungeon, and saw 4 of its levels.
You visited the Abyss 1 time.

You collected 116 gold pieces.

Inventory:

Hand Weapons
 a - a +1 short sword
 k - a +2 dagger of venom (weapon)
Armour
 b - a +0 robe (worn)
Scrolls
 c - 2 scrolls of identify {unknown}
 d - 2 scrolls of enchant weapon {unknown}
 e - a scroll of fog {unknown}
 f - 2 scrolls of summoning {unknown}
 g - a scroll of vulnerability {unknown}
 j - 2 scrolls of noise {unknown}
 l - 4 scrolls of holy word {unknown}
 m - a scroll of teleportation {unknown}
Potions
 h - a potion of lignification {unknown}
 i - a potion of flight {unknown}
 n - 2 potions of curing {unknown}
 o - a potion of ambrosia {unknown}


   Skills:
 - Level 3.0 Fighting
 + Level 3.9 Short Blades
 - Level 1.7 Armour
 - Level 0.8 Dodging
 * Level 3.4 Stealth
 - Level 2.4 Invocations


You had 4 spell levels left.
You didn't know any spells.
Your spell library contained the following spells:

 Spells                   Type           Power      Damage    Failure   Level
 Foxfire                  Conj/Fire      0%         2x1d4     30%         1
 Summon Small Mammal      Summ           0%         N/A       30%         1
 Call Imp                 Summ           0%         N/A       43%         2
 Call Canine Familiar     Summ           0%         N/A       67%         3
 Summon Guardian Golem    Hex/Summ       0%         N/A       67%         3
 Summon Ice Beast         Ice/Summ       0%         N/A       97%         4
 Summon Lightning Spire   Summ/Air       0%         N/A       97%         4


Dungeon Overview and Level Annotations

Branches:
Dungeon (4/15)
 Temple: D:4-7

Altars:
Sif Muna
Trog

Annotations:
D:4 Grinder


Innate Abilities, Weirdness & Mutations

You have a moderately thin skeletal structure. (Dex +4, Stealth++)


Message History

You hit the necrophage.
The necrophage is lightly damaged.
The necrophage hits you.
You closely miss the necrophage.
The necrophage hits you but does no damage.
You hit the necrophage.
The necrophage is lightly damaged.
The necrophage hits you.
You feel drained.
You hit the necrophage.
The necrophage is lightly damaged.
The necrophage hits you.
You hit the necrophage.
The necrophage is moderately damaged.
You hit the necrophage.
The necrophage is heavily damaged.
The necrophage hits you.
You hit the necrophage.
The necrophage is heavily damaged.
The necrophage completely misses you.
You barely miss the necrophage.
The necrophage is heavily damaged.
The necrophage hits you.
You feel drained.
You hit the necrophage.
The necrophage is severely damaged.
The necrophage hits you.
You feel drained.
You hit the necrophage but do no damage.
The necrophage is severely damaged.
You hit the necrophage.
The necrophage is almost destroyed.
The necrophage hits you but does no damage.
You barely miss the necrophage.
The necrophage is almost destroyed.
The necrophage hits you!
* * * LOW HITPOINT WARNING * * *
You feel drained.
* * * LOW HITPOINT WARNING * * *
You barely miss the necrophage.
The necrophage is almost destroyed.
The necrophage hits you.
You die...

# #### .##...##
##......##
#........# ####
........#
..###.......#
#.##.......#
#n#...<...#
#@........##
#.............
#.........####
#......#......##
..#.#.###...#.#
# #. ##.#..# #.
#.#.## .# #.#.#
# .#


You could see a necrophage.

Vanquished Creatures
  A scorpion (D:4)
  2 adders
  A gnoll (D:3)
  A white imp (D:3)
  2 dart slugs
  An orc (D:3)
  3 ball pythons
  8 endoplasms
  2 giant cockroaches (D:2)
  7 goblins
  5 hobgoblins
  17 jackals
  7 kobolds
  3 quokkas
  7 bats
  4 rats
71 creatures vanquished.

Notes
Turn   | Place    | Note
-------+----------+-------------------------------------------
     0 | Abyss:1  | polve the Demonspawn Abyssal Knight began the quest for the
                  | Orb.
     0 | Abyss:1  | Reached XP level 1. HP: 18/18 MP: 2/2
    58 | Abyss:2  | Noticed an ancient zyme
    82 | Abyss:2  | Noticed a small abomination
    85 | D:1      | Escaped the Abyss
   688 | D:1      | Found a faded altar of an unknown god.
   700 | D:1      | Reached * piety under Lugonu
   701 | D:1      | Gained mutation: You have a somewhat thin skeletal
                  | structure. (Dex +2, Stealth+) [demonic ancestry]
   701 | D:1      | Reached XP level 2. HP: 20/24 MP: 3/3
  1537 | D:1      | Gained mutation: You have a moderately thin skeletal
                  | structure. (Dex +4, Stealth++) [demonic ancestry]
  1537 | D:1      | Reached XP level 3. HP: 27/29 MP: 4/4
  1985 | D:2      | Reached skill level 1 in Stealth
  2189 | D:2      | Reached ** piety under Lugonu
  2812 | D:2      | Reached XP level 4. HP: 25/35 MP: 5/5
  3275 | D:3      | Found a shimmering blue altar of Sif Muna.
  3489 | D:3      | Identified Sif Muna's Guide on the Arsonist
  3495 | D:3      | Found a bloodstained altar of Trog.
  4047 | D:4      | Noticed a scorpion
  4070 | D:4      | Killed a scorpion
  4071 | D:4      | Reached XP level 5. HP: 19/41 MP: 6/6
  4322 | D:4      | Noticed Grinder
  4610 | D:4      | Noticed a necrophage
  4626 | D:4      | HP: 1/34 [necrophage (3)]
  4627 | D:4      | Slain by a necrophage

Illustrated notes

Levels and vault maps discovered:
D:1:      dpeg_arrival_oval, layout_basic, ebering_ecumenical_altar_mist,
          chequers_serial_rivers_marsh, grunt_decor_one_mirror,
          dk_noncrumbling_4, dk_noncrumbling_3
D:2:      layout_loops_ring
D:3:      layout_basic, nzn_overflow_gifts_of_might_and_magic
D:4:      layout_loops_ring, minmay_temple_entry_from_below_a,
          gammafunk_ghost_arena, solitary_fountain, uniq_menkaure, uniq_grinder

Skill      XL: |  1  2  3  4 |
---------------+-------------+-----
Short Blades   | 2 3 |  3.9
Stealth        | 1 3 |  3.4
Fighting       | |  3.0
Armour         | |  1.7
Dodging        | |  0.8
Invocations    | |  2.4

Action                   |  1- 3 |  4- 6 || total
-------------------------+-------+-------++-------
Melee: Short sword       |   117 |       ||   117
       Dagger            |    26 |    73 ||    99
Invok: Depart the Abyss  |     1 |       ||     1
 Stab: Sleeping          |    11 |    14 ||    25
Armor: Leather armour    |    39 |       ||    39
       Robe              |     8 |     5 ||    13
Dodge: Dodged            |    90 |    18 ||   108

Table legend: (Time is in decaauts)
 A = Elapsed time spent in this place.
 B = Non-inter-level travel time spent in this place.
 C = Inter-level travel time spent in this place.
 D = Time resting spent in this place.
 E = Time spent auto-exploring this place.
 F = Levels seen in this place.
 G = Mean time per level.
                   A        B        C        D        E       F      G
               +--------+--------+--------+--------+--------+-----+--------+
         Total |   4607 |   4455 |    152 |      0 |   3880 |   6 |  767.8 |
       Dungeon |   4522 |   4370 |    152 |      0 |   3828 |   4 | 1130.5 |
         Abyss |     84 |     84 |      0 |      0 |     52 |   2 |   42.0 |
               +--------+--------+--------+--------+--------+-----+--------+

Top non-repeatable levels by time:
     D:1: 1835 daAuts
     D:2: 1201 daAuts
     D:3: 1174 daAuts
     D:4: 311 daAuts
 Abyss:2: 43 daAuts
 Abyss:1: 41 daAuts
